 Dungeon Crawl Stone Soup version 0.31-a0-1626-g5cb510d322 (webtiles) character file.

Game seed: 11766000091306982010

21 runemasterragnar the Ruffian (level 2, -1/24 HPs)
             Began as a Draconian Shapeshifter on Jan 13, 2024.
             Slain by a ribbon worm (8 damage)
             ... on level 2 of the Dungeon.
             The game lasted 00:01:18 (830 turns).

runemasterragnar the Ruffian (DrSh)                  Turns: 830, Time: 00:01:18

Health: -1/24      AC:  4    Str: 16    XL:     2   Next: 65%
Magic:  2/2        EV: 12    Int: 10    God:
Gold:   76         SH:  0    Dex: 10    Spells: 1/1 levels left

rFire   . . .        l - +3 mace
rCold   . . .        (no shield)
rNeg    . . .        (body armour unavailable)
rPois   .            (helmet currently unavailable)
rElec   .            (cloak currently unavailable)
rCorr   .            (gloves currently unavailable)
SInv    .            (boots currently unavailable)
Will    .....        (no amulet)
Stlth   +            (no ring)
HPRegen 0.24/turn    (no ring)
MPRegen 0.08/turn

%: no passive effects
@: beast-form
A: beast (slay +1), AC +4, unfitting armour, cold-blooded
a: Begin Untransformation


You were on level 2 of the Dungeon.
You were a hulking beast.
You visited 1 branch of the dungeon, and saw 2 of its levels.

You collected 76 gold pieces.

Inventory:

Hand Weapons
 f - a +0 mace
 l - a +3 mace (weapon)
Jewellery
 m - a ring of ice
Talismans
 b - a beast talisman
 c - a flux talisman
Scrolls
 e - a scroll of teleportation {unknown}
 g - a scroll of identify {unknown}
 j - a scroll of vulnerability {unknown}
 n - a scroll of enchant weapon {unknown}
 o - a scroll of brand weapon {unknown}
 p - a scroll of immolation {unknown}
Potions
 a - a potion of lignification
 d - 2 potions of curing {unknown}
 h - a potion of might {unknown}
 i - a potion of enlightenment {unknown}
 k - a potion of haste {unknown}


   Skills:
 + Level 1.7 Fighting
 - Level 0.1 Maces & Flails
 + Level 2.1 Dodging
 + Level 3.2 Unarmed Combat
 + Level 3.2 Shapeshifting


You had one spell level left.
You didn't know any spells.
Your spell library was empty.

Dungeon Overview and Level Annotations

Branches:
Dungeon (2/15)

Altars:

Shops:
D:1 :


Innate Abilities, Weirdness & Mutations

You are a hulking beast.
Your limbs bulge with bestial killing power. (Slay +1)
Your plain brown scales are hard. (AC +4)
You cannot fit into any form of body armour.
You are cold-blooded and may be slowed by cold attacks.


Message History

The ribbon worm is heavily wounded.
The ribbon worm bites you.
You hit the ribbon worm.
The ribbon worm is severely wounded.
The ribbon worm expels a string of sticky webbing.
The stream of webbing hits you but does no damage.
You are caught in a web!
You are caught in a web!
A ribbon worm is nearby!
You are caught in a web!
A ribbon worm is nearby!
You are caught in a web!
A ribbon worm is nearby!
You are caught in a web!
A ribbon worm is nearby!
You are caught in a web!
The web tears apart.
The ribbon worm bites you.
You barely miss the ribbon worm.
Your tail-slap misses the ribbon worm.
The ribbon worm is heavily wounded.
The ribbon worm bites you.
You barely miss the ribbon worm.
Your tail-slap misses the ribbon worm.
The ribbon worm is heavily wounded.
The ribbon worm expels a string of sticky webbing.
The stream of webbing hits you but does no damage.
You are caught in a web!
The web tears apart.
The ribbon worm bites you!
You hit the ribbon worm.
The ribbon worm is severely wounded.
The ribbon worm bites you.
* * * LOW HITPOINT WARNING * * *
You barely miss the ribbon worm.
Your tail-slap misses the ribbon worm.
The ribbon worm is heavily wounded.
The ribbon worm misses you.
You hit the ribbon worm.
The ribbon worm is severely wounded.
The ribbon worm expels a string of sticky webbing.
The stream of webbing hits you but does no damage.
You are caught in a web!
The web tears apart.
The ribbon worm bites you!
You die...

.. #......# #.##......#
#..#......# #........#
#.......# # #......###.#
# ##########..##... #
....^.wh..$..#.# #
............†..###### #
.............#......####
.............#.####.#...
.............#.).##.#.#.
.............###..#.#.#.
############## ##.......
###>..#. ###.#


You could see a ribbon worm.

Vanquished Creatures
  A ribbon worm (D:2)
  3 endoplasms (D:2)
  3 giant cockroaches
  3 ball pythons
  2 bats (D:2)
  2 frilled lizards (D:1)
  A goblin (D:1)
  3 kobolds (D:1)
  A rat (D:2)
19 creatures vanquished.

Notes
Turn   | Place    | Note
-------+----------+-------------------------------------------
     0 | D:1      | runemasterragnar the Draconian Shapeshifter began the quest
                  | for the Orb.
     0 | D:1      | Reached XP level 1. HP: 16/16 MP: 1/1
   202 | D:1      | Found Cetumiy's Book Boutique.
   299 | D:1      | Found a faded altar of an unknown god.
   303 | D:1      | Reached XP level 2. HP: 23/23 MP: 2/2
   830 | D:2      | Slain by a ribbon worm

Illustrated notes

Levels and vault maps discovered:
D:1:      lemuel_arrival_cross, layout_rooms, serial_shops, shop,
          ebering_ecumenical_altar_webs
D:2:      layout_basic, chequers_serial_rivers_micro_d, skrybe_limestone_x

Skill      XL: |  1 |
---------------+----+-----
Dodging        | 2 |  2.1
Fighting       | |  1.7
Maces & Flails | |  0.1
Unarmed Combat | |  3.2
Shapeshifting  | |  3.2

Action                     || total
---------------------------++-------
  Melee: Unarmed           ||    27
         Tailslap          ||     8
         Mace              ||    26
   Stab: Sleeping          ||     1
 Armour: Skin              ||    29
  Dodge: Dodged            ||    32

Table legend: (Time is in decaauts)
 A = Elapsed time spent in this place.
 B = Non-inter-level travel time spent in this place.
 C = Inter-level travel time spent in this place.
 D = Time resting spent in this place.
 E = Time spent auto-exploring this place.
 F = Levels seen in this place.
 G = Mean time per level.
                   A        B        C        D        E       F      G
               +--------+--------+--------+--------+--------+-----+--------+
         Total |    836 |    806 |     30 |      0 |    643 |   2 |  418.0 |
       Dungeon |    836 |    806 |     30 |      0 |    643 |   2 |  418.0 |
               +--------+--------+--------+--------+--------+-----+--------+

Top non-repeatable levels by time:
     D:1: 504 daAuts
     D:2: 332 daAuts
